 Dungeon Crawl Stone Soup version 0.30-a0-1074-g5db6f66fbb (webtiles) character file.

Game seed: 9984866775504283061

1260 Pimp the Blocker (level 8, -2/64 HPs)
             Began as a Formicid Fighter on Apr 13, 2023.
             Slain by an orc warrior
             ... wielding a +0 great mace
              (10 damage)
             ... on level 5 of the Dungeon.
             The game lasted 00:09:01 (3294 turns).

Pimp the Blocker (Formicid Fighter)                 Turns: 3294, Time: 00:09:01

Health: -2/64      AC: 13    Str: 23    XL:     8   Next: 81%
Magic:  8/8        EV:  6    Int:  8    God:
Gold:   205        SH:  6    Dex: 13    Spells: 7/7 levels left

rFire   . . .      SeeInvis +    e - +5 battleaxe (venom)
rCold   . . .      Faith    .    c - +0 buckler
rNeg    . . .      Spirit   .    z - +0 plate armour
rPois   .          Reflect  .    (helmet unavailable)
rElec   .          Rampage  .    A - +0 cloak
rCorr   .                        (no gloves)
Will    .....                    (no boots) Stlth
                                 (no amulet)
HPRegen 0.30/turn                (no ring)
MPRegen 0.11/turn                (no ring)

@: brilliant, studying Shields
A: permanent stasis, dig shafts and tunnels, antennae 3, four strong arms
a: Dig, Shaft Self


You were on level 5 of the Dungeon.
You visited 1 branch of the dungeon, and saw 5 of its levels.

You collected 205 gold pieces.

Inventory:

Hand Weapons
 a - a +0 war axe
 e - a +5 battleaxe of venom (weapon)
Missiles
 k - a throwing net
Armour
 b - a +0 scale mail
 c - a +0 buckler (worn)
 z - a +0 plate armour (worn)
 A - a +0 cloak (worn)
Jewellery
 g - a +6 ring of strength
 B - a ring of ice
 D - a +6 ring of dexterity
Scrolls
 h - a scroll of immolation {unknown}
 i - a scroll of magic mapping {unknown}
 j - 2 scrolls of fear
 l - a scroll of vulnerability {unknown}
 n - a scroll of noise {unknown}
 o - a scroll of fog {unknown}
 r - 5 scrolls of brand weapon {unknown}
 s - a scroll of butterflies {unknown}
 u - a scroll of blinking {unknown}
 v - 2 scrolls of poison {unknown}
 w - a scroll of identify
 x - 2 scrolls of teleportation {unknown}
 y - 2 scrolls of amnesia {unknown}
 C - a scroll of enchant weapon {unknown}
Potions
 d - a potion of might
 f - a potion of heal wounds {unknown}
 m - a potion of brilliance
 p - 3 potions of lignification
 q - a potion of flight {unknown}
 t - a potion of attraction {unknown}
 E - a potion of berserk rage {unknown}


   Skills:
 + Level 6.0 Fighting
 * Level 6.4 Axes
 + Level 5.9 Armour
 + Level 9.0 Shields


You had 7 spell levels left.
You didn't know any spells.
Your spell library contained the following spells:

 Spells                   Type           Power      Damage    Failure   Level
 Arcjolt                  Conj/Air       0%         1d10      100%        5
 Iskenderun's Battlesphe  Conj           0%         2d6       100%        5
 Iron Shot                Conj/Erth      0%         9d1       100%        6
 Spellforged Servitor     Conj/Summ      0%         N/A       100%        7
 Maxwell's Capacitive Co  Air            0%         ∞         100%        8
 Vhi's Electric Charge    Tloc/Air       Unusable   N/A       N/A         3

Dungeon Overview and Level Annotations

Branches:
Dungeon (5/15)             Temple (0/1) D:4

Altars:


Innate Abilities, Weirdness & Mutations

You cannot be hasted, slowed, berserked, paralysed or teleported.
You can dig through walls and to a lower floor.
You have a pair of large antennae on your head. (SInv)
Your four strong arms can wield two-handed weapons with a shield.


Message History

You closely miss kitsune's ghost. You block kitsune's ghost's attack.
Kitsune's ghost hits you but does no damage.
You slash kitsune's ghost!
Kitsune's ghost is almost destroyed.
Kitsune's ghost hits you.
You closely miss kitsune's ghost.
Kitsune's ghost is almost destroyed.
Kitsune's ghost hits you but does no damage.
Kitsune's ghost hits you.
You barely miss kitsune's ghost.
Kitsune's ghost is almost destroyed.
Kitsune's ghost hits you.
You hit kitsune's ghost.
You destroy kitsune's ghost!
Your Fighting skill increases to level 6!
Your Axes skill increases to level 6!
Your Shields skill increases to level 9!
You barely miss the orc warrior.
The orc warrior hits you with a +0 great mace!
* * * LOW HITPOINT WARNING * * *
You barely miss the orc warrior. You barely miss the orc warrior.
The orc warrior hits you with a +0 great mace!
* * * LOW HITPOINT WARNING * * *
The orc hits you but does no damage. The orc warrior barely misses you.
The orc warrior barely misses you.
It was a potion of brilliance.
You feel clever all of a sudden. The orc hits you but does no damage.
The orc warrior hits you but does no damage.
You slice the orc!!
You kill the orc!
You slash the orc warrior!
The orc warrior is poisoned.
The orc warrior completely misses you.
You slash the orc!
You kill the orc!
You slash the orc warrior!
The orc warrior looks as sick as possible!
The orc warrior hits you with a +0 great mace!
You die...

#.###.... ###.#
#....#####....#
#.............#
#######'''######
##.#8.............8
..........{oo......
#.###...##.#####..
##<...)oo#
#......@##
#.........#
+.........+
#.........#
..........##
....#.....##
.....##)..## ...##
##+##


You could see an orc warrior (extremely poisoned) and 3 orcs.

Vanquished Creatures
  The ghost of kitsune the Cudgeller, a novice NaWr of Cheibriados (D:5)
  The ghost of kaliiiiii the Firebug, an amateur HOFE (D:3)
  A kobold brigand (D:3)
  5 howler monkeys (D:3)
  2 orc priests (D:5)
  3 hounds
  A gnoll bouda (D:3)
  8 adders
  19 gnolls
  An ufetubus (D:4)
  2 dart slugs
  19 orcs
  5 endoplasms
  4 giant cockroaches
  6 goblins
  4 hobgoblins
  15 jackals
  3 quokkas
  7 ball pythons
  6 bats
  7 frilled lizards
  7 kobolds
  8 rats
135 creatures vanquished.

Vanquished Creatures (others)
  2 plants (D:4)
2 creatures vanquished.

Grand Total: 137 creatures vanquished

Notes
Turn   | Place    | Note
-------+----------+-------------------------------------------
     0 | D:1      | Pimp the Formicid Fighter began the quest for the Orb.
     0 | D:1      | Reached XP level 1. HP: 18/18 MP: 1/1
   145 | D:1      | Reached XP level 2. HP: 24/24 MP: 2/2
   323 | D:1      | Reached XP level 3. HP: 25/29 MP: 3/3
   851 | D:2      | Reached XP level 4. HP: 37/37 MP: 4/4
  1146 | D:2      | Identified 2 scrolls of acquirement
  1146 | D:2      | Acquired a +5 battleaxe of venom
  1148 | D:2      | Acquired a manual of Shields
  1233 | D:3      | Reached skill level 5 in Shields
  1373 | D:3      | Reached XP level 5. HP: 37/42 MP: 5/5
  1569 | D:3      | Found a runed translucent door.
  1589 | D:3      | Noticed kaliiiiii's ghost (amateur HOFE)
  1604 | D:3      | Killed kaliiiiii's ghost
  1605 | D:3      | Reached skill level 6 in Shields
  1605 | D:3      | Reached XP level 6. HP: 47/49 MP: 6/6
  1691 | D:3      | Reached XP level 7. HP: 45/55 MP: 7/7
  1742 | D:3      | Reached skill level 5 in Fighting
  1742 | D:3      | Reached skill level 7 in Shields
  1744 | D:3      | Reached skill level 5 in Armour
  1815 | D:3      | Reached skill level 5 in Axes
  1856 | D:3      | Reached XP level 8. HP: 49/62 MP: 8/8
  2956 | D:4      | Found a staircase to the Ecumenical Temple.
  3038 | D:4      | Reached skill level 8 in Shields
  3258 | D:5      | Entered Level 5 of the Dungeon
  3258 | D:5      | Noticed kitsune's ghost (novice NaWr)
  3258 | D:5      | Found a runed translucent gate.
  3258 | D:5      | Found a runed translucent gate.
  3258 | D:5      | Found a runed translucent gate.
  3261 | D:5      | Identified the +0 chain mail "Cownamecu" {Harm Rampage rC+}
  3268 | D:5      | Identified the +2 dagger "Hukuv" {freeze, rPois Int+3
                  | Dex+2}
  3268 | D:5      | Identified the +0 ring mail of the Griffon {Rampage rC+
                  | Will+}
  3287 | D:5      | Killed kitsune's ghost
  3288 | D:5      | Reached skill level 9 in Shields
  3294 | D:5      | Slain by an orc warrior

Illustrated notes

Levels and vault maps discovered:
D:1:      minmay_arrival_plants_in_alcoves, layout_basic,
          minmay_misc_feat_plants, chequers_serial_rivers_marsh
D:2:      layout_basic, minmay_misc_feat_columns
D:3:      lemuel_castle_with_subvaults [lemuel_castle_interior_carwin_2],
          layout_rooms, ebering_ghost_sewer_d
D:4:      layout_loops_corners, minmay_temple_entry_gardened_gates,
          roderic_lattice_a
D:5:      layout_loops_corners, evilmike_ruin_ashenzari, dk_yredelemnul_ordeal,
          lemuel_crystal_altar, gammafunk_temple_overflow_pools, serial_demonic,
          serial_demonic_a, serial_demonic_e, serial_demonic_e,
          serial_demonic_c, biasface_ghost_orc_armoury, uniq_grinder

Skill      XL: |  1  2  3  4  5  6  7  8 |
---------------+-------------------------+-----
Fighting       | 4 5 6 |  6.0
Shields        | 5 6 7 9 |  9.0
Armour         | 4 5 |  5.9
Axes           | 3 4 5 6 |  6.4

Action                     |  1- 3 |  4- 6 |  7- 9 || total
---------------------------+-------+-------+-------++-------
  Melee: War axe           |    99 |    16 |       ||   115
         Battleaxe         |       |    61 |   104 ||   165
    Use: Scroll            |       |     5 |       ||     5
         Potion            |       |       |     2 ||     2
 Armour: Scale mail        |    56 |    25 |       ||    81
         Plate armour      |       |    19 |    73 ||    92
  Dodge: Dodged            |    49 |    40 |    42 ||   131
  Block: Buckler           |    27 |    27 |    41 ||    95

Table legend: (Time is in decaauts)
 A = Elapsed time spent in this place.
 B = Non-inter-level travel time spent in this place.
 C = Inter-level travel time spent in this place.
 D = Time resting spent in this place.
 E = Time spent auto-exploring this place.
 F = Levels seen in this place.
 G = Mean time per level.
                   A        B        C        D        E       F      G
               +--------+--------+--------+--------+--------+-----+--------+
         Total |   3438 |   3300 |    138 |    180 |   2214 |   5 |  687.6 |
       Dungeon |   3438 |   3300 |    138 |    180 |   2214 |   5 |  687.6 |
               +--------+--------+--------+--------+--------+-----+--------+

Top non-repeatable levels by time:
     D:3: 1125 daAuts
     D:4: 1000 daAuts
     D:2: 654 daAuts
     D:1: 613 daAuts
     D:5: 44 daAuts
